AoeStats
← Dieguin

Arabia

503830106Analyzed
1v1 RM · 1mo ago on Sep 2, 2026· 28m 39s· 2 players
Game mode
Random Map
Map size
Tiny (2 player)
Population
200
Speed
Normal
Resources
Standard
Victory
Conquest
Starting age
Dark Age
Ending age
Imperial Age
RankedLock teamsTeams togetherTeam positionsShared explorationLock speedFull tech treeHidden civsTurbo modeCheats
Victory
Defeat
🇨🇳 Khitans · China
833
+17
🇨🇴 Persians · Colombia
859
-17
kuailelsm
6:39 Loom
9:31 Feudal Age
10:15 Double-Bit Axe
10:36 Domestication
20:42 Castle Age
21:48 Forging
22:09 Bow Saw
23:08 Iron Casting
22:39 Husbandry
23:48 Scale Barding Armor
24:40 Gold Mining
24:52 Pastoralism
26:32 Chain Barding Armor
Dieguin
6:35 Loom
9:53 Feudal Age
10:25 Horse Collar
10:39 Double-Bit Axe
16:30 Bloodlines
23:24 Castle Age
22:19 Scale Barding Armor
22:06 Fletching
23:28 Padded Archer Armor
24:18 Husbandry
Connection lost

Rejoining the realm…

Still unreachable

The connection could not be restored.

Session expired

The server has moved on; the page needs a fresh start.